 Dungeon Crawl Stone Soup version 0.31-a0-691-g409c26aa35 (webtiles) character file.

Game seed: 14104446697000046068

19 Xavori the Cutter (level 2, -1/21 HPs)
             Began as an Octopode Chaos Knight on Sept 7, 2023.
             Was a Plaything of Xom.
             Slain by a gnoll (3 damage)
             ... on level 2 of the Dungeon.
             The game lasted 00:01:40 (8630 turns).

Xavori the Cutter (Octopode Chaos Knight)           Turns: 8630, Time: 00:01:42

Health: -1/21      AC:  1    Str: 11    XL:     2   Next: 75%
Magic:  2/2        EV: 13    Int: 14    God:    Xom [......]
Gold:   70         SH:  0    Dex:  9    Spells: 1/1 levels left

rFire   . . .        a - +0 short sword (chaos)
rCold   . . .        (no shield)
rNeg    . . .        (helmet restricted)
rPois   .            (no amulet)
rElec   .            (no ring)
rCorr   .            (no ring)
SInv    .            (no ring)
Will    .....        (no ring)
Stlth   ++           (no ring)
HPRegen 0.23/turn    (no ring)
MPRegen 0.08/turn    (no ring)
                     (no ring)

%: no passive effects
@: no status effects
A: almost no armour, amphibious, 8 rings, camouflage 1, gelatinous body 1,
(nimble swimmer 1), tentacles, antennae 1, clumsy 1, screaming 1
a: Renounce Religion


You were on level 2 of the Dungeon.
You worshipped Xom.
You were a very special plaything of Xom.
You visited 1 branch of the dungeon, and saw 2 of its levels.

You collected 70 gold pieces.

Inventory:

Hand Weapons
 a - a +0 short sword of chaos (weapon)
Scrolls
 b - a scroll of butterflies
 c - a scroll of revelation {unknown}
 g - a scroll of poison {unknown}
 h - a scroll of identify {unknown}
Potions
 d - a potion of ambrosia {unknown}
 e - a potion of heal wounds {unknown}
 f - a potion of curing {unknown}
 i - a potion of brilliance {unknown}


   Skills:
 + Level 3.3 Fighting
 + Level 3.5 Short Blades
 + Level 2.5 Dodging
 + Level 0.1 Stealth


You had one spell level left.
You didn't know any spells.
Your spell library contained the following spells:

 Spells                   Type           Power      Damage    Failure   Level
 Slow                     Hex            0%         N/A       28%         1
 Confusing Touch          Hex            0%         N/A       65%         3
 Vampiric Draining        Necr           0%         2d6       65%         3


Dungeon Overview and Level Annotations

Branches:
Dungeon (2/15)

Altars:


Innate Abilities, Weirdness & Mutations

You cannot wear most types of armour.
You are amphibious.
You can wear up to eight rings at the same time.
Your skin changes colour to match your surroundings (Stealth+).
Your rubbery body absorbs attacks. (AC +1, EV +1)
((You are camouflaged when in or above water. (Stealth+)))
You have tentacles for arms and can constrict up to eight enemies at once.
You have a pair of small antennae on your head.
You are clumsy. (Dex -2)
You occasionally shout uncontrollably at your foes.


Message History

A bat comes into view.
You see here a +0 ring mail.
You are too injured to fight recklessly!
The bat misses you.
You are too injured to fight recklessly!
You hit the giant cockroach. You freeze the giant cockroach.
Your grab misses the giant cockroach. You squeeze the giant cockroach.
You kill the giant cockroach!
The bat misses you. The bat barely misses you.
You are too injured to fight recklessly!
You barely miss the kobold. Your grab misses the kobold.
Your squeeze misses the kobold. The bat hits you but does no damage.
You are too injured to fight recklessly!
You barely miss the kobold. Your grab misses the kobold.
Your squeeze misses the kobold. The bat hits you.
The kobold hits you with a +0 club.
* * * LOW HITPOINT WARNING * * *
You are too injured to fight recklessly!
You hit the kobold but do no damage. Your grab misses the kobold.
The kobold blinks!
The bat hits you but does no damage. The bat barely misses you.
You are too injured to fight recklessly!
You barely miss the bat. Your grab misses the bat.
Your squeeze misses the bat. "Hum-dee-hum-dee-hum..."
The bat evaporates and reforms as a gnoll!
The bat hits you.
* * * LOW HITPOINT WARNING * * *
The bat barely misses you. The gnoll barely misses you.
You are too injured to fight recklessly!
You hit the gnoll but do no damage. You drain the gnoll. You grab the gnoll.
The gnoll is lightly wounded.
You constrict the gnoll. The bat hits you.
* * * LOW HITPOINT WARNING * * *
You hit the gnoll.
The gnoll is heavily wounded.
You constrict the gnoll, but do no damage.
The bat hits you.
* * * LOW HITPOINT WARNING * * *
The gnoll hits you.
You die...

#. #<#
####.##'####
#..........#
#..........#
#..........+
#.........K#
####.....#b#
#.....#[#
#.....#@#
#.#####g# #.
#.. #. #.#.
#.#.# #.# #
#.. #.#


You could see a gnoll (very drained), a bat (agile) and a kobold.

Vanquished Creatures
  2 bats (D:1)
  2 endoplasms (D:1)
  A giant cockroach (D:2)
  A hobgoblin (D:1)
  A quokka (D:1)
  3 ball pythons (D:1)
  3 frilled lizards (D:1)
  4 kobolds (D:1)
  3 rats (D:1)
20 creatures vanquished.

Notes
Turn   | Place    | Note
-------+----------+-------------------------------------------
     0 | D:1      | Xavori the Octopode Chaos Knight began the quest for the
                  | Orb.
     0 | D:1      | Reached XP level 1. HP: 16/16 MP: 1/1
    67 | D:1      | XOM: silly message
    95 | D:1      | Reached XP level 2. HP: 14/21 MP: 2/2
   529 | D:1      | XOM: divination: detect items
   591 | D:1      | XOM: silly message
   717 | D:1      | XOM: cloud trail
   753 | D:1      | XOM: give mutations
   753 | D:1      | Gained mutation: You possess an exceptional clarity of
                  | mind. [Xom's grace]
   753 | D:1      | Gained mutation: You are somewhat resistant to further
                  | mutation. [Xom's grace]
   797 | D:1      | XOM: give mutation
   797 | D:1      | Gained mutation: Your natural rate of healing is unusually
                  | fast. [Xom's grace]
   825 | D:1      | XOM: silly message
   952 | D:1      | XOM: give mutations
   952 | D:1      | Gained mutation: You are occasionally teleported next to
                  | monsters. [Xom's mischief]
   952 | D:1      | Gained mutation: You are clumsy. (Dex -2) [Xom's mischief]
   952 | D:1      | Gained mutation: You are weak. (Str -2) [Xom's mischief]
   965 | D:1      | XOM: give mutations
   965 | D:1      | Gained mutation: You are frail. (-10% HP) [Xom's mischief]
   965 | D:1      | Lost mutation: You are somewhat resistant to further
                  | mutation. [Xom's mischief]
   965 | D:1      | Gained mutation: You have hidden genetic potential. [Xom's
                  | mischief]
  1308 | D:1      | XOM: give mutations
  1308 | D:1      | Lost mutation: You have hidden genetic potential. [Xom's
                  | mischief]
  1308 | D:1      | Gained mutation: One of your tentacles bears a spike.
                  | [Xom's mischief]
  1605 | D:1      | XOM: silly message
  1702 | D:1      | XOM: god gift: 51 gold pieces
  2260 | D:1      | XOM: divination: detect items
  2784 | D:1      | XOM: god gift: scimitar {god gift}
  3071 | D:1      | XOM is BORED!
  3303 | D:1      | XOM: silly message
  3463 | D:1      | XOM: give mutations
  3463 | D:1      | Lost mutation: You are weak. (Str -2) [Xom's mischief]
  3463 | D:1      | Lost mutation: One of your tentacles bears a spike. [Xom's
                  | mischief]
  3463 | D:1      | Lost mutation: Your natural rate of healing is unusually
                  | fast. [Xom's mischief]
  3463 | D:1      | Lost mutation: You are clumsy. (Dex -2) [Xom's mischief]
  3743 | D:1      | XOM: give mutations
  3743 | D:1      | Lost mutation: You possess an exceptional clarity of mind.
                  | [Xom's mischief]
  3743 | D:1      | Gained mutation: You occasionally shout uncontrollably at
                  | your foes. [Xom's mischief]
  3743 | D:1      | Lost mutation: You are occasionally teleported next to
                  | monsters. [Xom's mischief]
  3743 | D:1      | Gained mutation: You are covered in fur. (AC +1) [Xom's
                  | mischief]
  4645 | D:1      | XOM: give mutations
  4645 | D:1      | Gained mutation: Your body sometimes deteriorates upon
                  | taking damage. [Xom's mischief]
  4645 | D:1      | Gained mutation: You have hidden genetic defects. [Xom's
                  | mischief]
  4845 | D:1      | XOM: give mutation
  4845 | D:1      | Lost mutation: You are frail. (-10% HP) [Xom's grace]
  5170 | D:1      | XOM: give mutations
  5170 | D:1      | Lost mutation: You are covered in fur. (AC +1) [Xom's
                  | mischief]
  5170 | D:1      | Lost mutation: You have hidden genetic defects. [Xom's
                  | mischief]
  5170 | D:1      | Gained mutation: You have a pair of small antennae on your
                  | head. [Xom's mischief]
  5485 | D:1      | XOM: silly message
  6392 | D:1      | XOM: torment (12/21 hp)
  6492 | D:1      | XOM: give mutations
  6492 | D:1      | Gained mutation: Your muscles are strong. (Str +4, Int/Dex
                  | -1) [Xom's mischief]
  6492 | D:1      | Lost mutation: Your body sometimes deteriorates upon taking
                  | damage. [Xom's mischief]
  6492 | D:1      | Lost mutation: Your muscles are strong. (Str +4, Int/Dex
                  | -1) [Xom's mischief]
  6492 | D:1      | Gained mutation: You are clumsy. (Dex -2) [Xom's mischief]
  8434 | D:1      | XOM is BORED!
  8454 | D:1      | XOM: silly message
  8597 | D:1      | XOM: silly message
  8628 | D:2      | XOM: polymorph bat -> gnoll
  8630 | D:2      | Slain by a gnoll

Illustrated notes

Levels and vault maps discovered:
D:1:      dpeg_arrival_erosion, layout_rooms, hangedman_decor_points
D:2:      layout_basic, uniq_robin, uniq_sigmund

Action                     || total
---------------------------++-------
  Melee: Short sword       ||    60
         Tentacles         ||    12
         Constrict         ||    11
   Stab: Sleeping          ||     2
 Armour: Skin              ||    38
  Dodge: Dodged            ||    42

Table legend: (Time is in decaauts)
 A = Elapsed time spent in this place.
 B = Non-inter-level travel time spent in this place.
 C = Inter-level travel time spent in this place.
 D = Time resting spent in this place.
 E = Time spent auto-exploring this place.
 F = Levels seen in this place.
 G = Mean time per level.
                   A        B        C        D        E       F      G
               +--------+--------+--------+--------+--------+-----+--------+
         Total |   8619 |   8582 |     37 |   8030 |    407 |   2 | 4309.5 |
       Dungeon |   8619 |   8582 |     37 |   8030 |    407 |   2 | 4309.5 |
               +--------+--------+--------+--------+--------+-----+--------+

Top non-repeatable levels by time:
     D:1: 8590 daAuts
     D:2: 29 daAuts
